 Dungeon Crawl Stone Soup version 0.20-a0-903-g7e3609c (webtiles) character file.

80 Goblin1989 the Slasher (level 4, -2/31 HPs)
             Began as a Demonspawn Monk on Mar 20, 2017.
             Slain by Sigmund
             ... wielding a +0 scythe
              (4 damage)
             ... on level 2 of the Dungeon.
             The game lasted 00:05:31 (2123 turns).

Goblin1989 the Slasher (Demonspawn Monk)            Turns: 2123, Time: 00:05:32

Health: -2/31      AC:  2    Str: 13    XL:     4   Next: 18%
Magic:  4/4        EV: 13    Int: 11    God:
Gold:   51         SH:  0    Dex: 15    Spells: 3/3 levels left

rFire    . . .     SeeInvis .   a - +0 falchion
rCold    . . .     Gourm    .   b - +0 robe
rNeg     . . .     Faith    .   (no shield)
rPois    .         Spirit   .   (no helmet)
rElec    .         Reflect  .   (no cloak)
rCorr    +         Harm     .   (no gloves)
MR       .....                  (no boots)
Stlth    ++........             (no amulet)
Regen    0.1/turn               g - ring of resist corrosion
MPRegen  0.1/turn               i - ring of wizardry

@: no status effects
A: claws 1, fangs 1, blink, frail 1, subdued magic 1
a: Blink


You were on level 2 of the Dungeon.
You were not hungry.

You visited 1 branch of the dungeon, and saw 2 of its levels.

You collected 51 gold pieces.

Inventory:

Hand Weapons
 a - a +0 falchion (weapon)
Armour
 b - a +0 robe (worn)
 p - a +0 plate armour
Jewellery
 g - a ring of resist corrosion (right claw)
 i - a ring of wizardry (left claw)
Scrolls
 d - 2 scrolls of remove curse {unknown}
 f - a scroll of amnesia {unknown}
 j - a scroll of enchant armour {unknown}
 k - a scroll of teleportation {unknown}
 l - a scroll of recharging {unknown}
 n - a scroll of fear {unknown}
 q - a scroll of random uselessness {unknown}
Comestibles
 e - 2 bread rations {@e1}
 m - 2 chunks of flesh
 o - a royal jelly


   Skills:
 - Level 3.0 Fighting
 - Level 3.2 Long Blades
 - Level 2.6 Dodging
 - Level 1.7 Stealth
 + Level 3.0 Unarmed Combat


You had 3 spell levels left.
You didn't know any spells.

Dungeon Overview and Level Annotations

Branches:
Dungeon (2/15)

Altars:

Annotations:
D:2 Sigmund


Innate Abilities, Weirdness & Mutations

You have sharp fingernails.
You have very sharp teeth.
You can translocate small distances at will.
You are frail. (-10% HP)
Your spells are a little easier to cast, but a little less powerful.


Message History

Sigmund mumbles some strange words.
Sigmund flickers and vanishes!
Deactivating autopickup; reactivate with Ctrl-A.
You now have 46/46 hp.
You hear some strange, mumbled words.
You are confused.
A leopard gecko comes into view.
The leopard gecko hisses angrily.
You cannot move. (Use ctrl+direction to attack without moving.)
Something hits you but does no damage. Something hits you but does no damage.
You cannot move. (Use ctrl+direction to attack without moving.)
You swing at nothing.
Something hits you.
You swing at nothing.
You feel less confused. The leopard gecko bites you. Something hits you.
You take 10 damage, and have 36/46 hp.
MASSIVE DAMAGE!!
You closely miss the leopard gecko.
The leopard gecko bites you but does no damage.
Something hits you but does no damage.
The leopard gecko bites you but does no damage.
You hit the leopard gecko.
The leopard gecko is severely wounded.
The leopard gecko bites you but does no damage.
You barely miss the leopard gecko.
The leopard gecko is severely wounded.
Something hits you but does no damage. The leopard gecko barely misses you.
You barely miss the leopard gecko.
The leopard gecko is severely wounded.
The leopard gecko bites you but does no damage.
Something hits you but does no damage.
The leopard gecko bites you but does no damage.
You hit the leopard gecko.
The leopard gecko is almost dead.
The leopard gecko bites you but does no damage.
Something hits you but does no damage.
You closely miss the leopard gecko.
The leopard gecko is almost dead.
The leopard gecko bites you but does no damage.
You barely miss the leopard gecko.
The leopard gecko is almost dead.
The leopard gecko barely misses you.
You riposte.
You miss the leopard gecko.
The leopard gecko is severely wounded.
Something hits you but does no damage.
The leopard gecko bites you but does no damage.
You hit the leopard gecko.
You kill the leopard gecko!
Something hits you but does no damage.
You swing at nothing.
Something hits you but does no damage.
You swing at nothing.
Something hits you but does no damage.
You swing at nothing.
You swing at nothing.
You hear some strange, mumbled words.
Something tries to affect you, but you resist.
Something hits you but does no damage.
You swing at nothing.
You swing at nothing.
Something hits you but does no damage.
You swing at nothing.
Something hits you but does no damage.
You swing at nothing.
Something hits you but does no damage.
You swing at nothing.
You swing at nothing.
Your transformation is almost over.
Something hits you but does no damage.
You swing at nothing.
Something hits you.
You take 3 damage, and have 36/46 hp.
You swing at nothing.
Something hits you.
You take 1 damage, and have 35/46 hp.
You cannot move.
Unknown command.
Put on which piece of jewellery? (? for menu, Esc to quit)
i - a ring of wizardry (left branch) Put on which piece of jewellery? (? for menu, Esc to quit)
f - a ring of resist corrosion (right branch)
g - a ring of resist corrosion (right branch)
f - a scroll labeled BAPUID KIOPS Unknown command.
Something hits you but does no damage.
Sigmund appears from thin air!
Reactivating autopickup.
Sigmund gestures wildly while chanting.
Sigmund flickers and vanishes!
Deactivating autopickup; reactivate with Ctrl-A.
Something hits you but does no damage.
You feel less wooden.
Your +0 robe unmelds from your body.
Something completely misses you.
You now have 23/31 hp.
Something hits you.
You take 3 damage, and have 20/31 hp.
Something hits you!
* * * LOW HITPOINT WARNING * * *
You see here a leopard gecko corpse.
You take 8 damage, and have 12/31 hp.
MASSIVE DAMAGE!!
You hit something. You bite something.
You hear some strange, mumbled words.
A magic dart appears from out of thin air!
The magic dart hits you!
* * * LOW HITPOINT WARNING * * *
You take 10 damage, and have 2/31 hp.
MASSIVE DAMAGE!!
You hit something. Something hits you.
You die...

..█ █..█.).........
█.█ █..█.██.███████.
█.█ █....██.........
█.████
█.█████..███████
.....███.█████..█
................██
██.█.██.██████...█
██)█.██.█ █...█
█.......█ █..@█
[.......█ █..{█
█████...██████...█████
█ █...█............. █
█................ █
█..██............
█████.███████....█.█
......█ █....█.█
██....█ █...(█.█


There were no monsters in sight!

Vanquished Creatures
  Ijyb (D:2)
  2 adders (D:2)
  A worm (D:2)
  A leopard gecko (D:2)
  A ball python (D:1)
  8 bats
  2 giant cockroaches
  3 goblins
  3 hobgoblins
  A quokka (D:1)
  7 kobolds
  2 rats
32 creatures vanquished.

Notes
Turn   | Place    | Note
-------+----------+-------------------------------------------
     0 | D:1      | Goblin1989 the Demonspawn Monk began the quest for the Orb.
     0 | D:1      | Reached XP level 1. HP: 18/18 MP: 1/1
   448 | D:1      | Gained mutation: You have sharp fingernails. [demonic ancestry]
   448 | D:1      | Reached XP level 2. HP: 21/24 MP: 2/2
   644 | D:1      | Reached skill level 1 in Unarmed Combat
  1095 | D:2      | Noticed Ijyb
  1109 | D:2      | Noticed Sigmund
  1389 | D:2      | Reached XP level 3. HP: 28/29 MP: 3/3
  1796 | D:2      | Killed Ijyb
  1796 | D:2      | Reached XP level 4. HP: 12/35 MP: 4/4
  2082 | D:2      | Gained mutation: You are frail. (-10% HP) [potion of mutation]
  2082 | D:2      | Gained mutation: Your spells are a little easier to cast, but a little less powerful. [potion of mutation]
  2082 | D:2      | Gained mutation: You have very sharp teeth. [potion of mutation]
  2082 | D:2      | Gained mutation: You can translocate small distances at will. [potion of mutation]
  2123 | D:2      | Slain by Sigmund

Vault maps used:
D:1:      lightli_arrival_statue_moat
D:2:      uniq_crazy_yiuf_cottage, uniq_iyjb, uniq_sigmund

Skill      XL: |  1  2  3  4 |
---------------+-------------+-----
Long Blades    | 3 |  3.2
Unarmed Combat | 1 2 3 |  3.0
Fighting       | |  3.0
Dodging        | |  2.6
Stealth        | |  1.7

Action                   |  1- 3 |  4- 6 || total
-------------------------+-------+-------++-------
Melee: Falchion          |   116 |    16 ||   132
       Punch             |     1 |       ||     1
       Bite              |       |     1 ||     1
  Use: Potion            |     2 |     2 ||     4
 Stab: Sleeping          |     2 |     1 ||     3
  Eat: Chunk             |     2 |     2 ||     4
Armor: Robe              |    26 |     1 ||    27
       Skin              |       |    25 ||    25
Dodge: Dodged            |   100 |     6 ||   106
       Rpst.: Falchion   |    30 |     3 ||    33

Vault maps used:
D:1:      lightli_arrival_statue_moat
D:2:      uniq_crazy_yiuf_cottage, uniq_iyjb, uniq_sigmund
